 Dungeon Crawl Stone Soup version 0.29.1-2-gbd0b4ee654 (webtiles) character file.

Game seed: 6222651439900241330

9 jamesblauser the Grave Robber (level 2, -3/19 HPs)
             Began as a Demonspawn Necromancer on Nov 5, 2022.
             Succumbed to a kobold's poison
             ... on level 1 of the Dungeon.
             The game lasted 00:03:54 (703 turns).

jamesblauser the Grave Robber (DsNe)                 Turns: 703, Time: 00:03:54

Health: -3/19      AC:  8    Str:  8    XL:     2   Next: 3%
Magic:  0/5        EV:  3    Int: 16    God:
Gold:   19         SH:  0    Dex: 13    Spells: 4/5 levels left

rFire   . . .      SeeInvis .   (no weapon)
rCold   . . .      Faith    .   (no shield)
rNeg    . . .      Spirit   .   d - +0 chain mail
rPois   .          Reflect  .   (no helmet)
rElec   .          Harm     .   (no cloak)
rCorr   .          Rampage  .   (no gloves)
Will    .....                   (no boots)
Stlth   ..........              (no amulet)
HPRegen 0.06/turn               (no ring)
MPRegen 0.09/turn               (no ring)

@: lethally poisoned (-3 -> -33), very slightly contaminated
A: ignite blood 1
a: no special abilities


You were on level 1 of the Dungeon.
You visited 1 branch of the dungeon, and saw 1 of its levels.

You collected 19 gold pieces.

Inventory:

Armour
 a - a +0 robe
 d - a +0 chain mail (worn)
Potions
 b - a potion of magic


   Skills:
 + Level 1.8 Dodging
 + Level 1.8 Stealth
 + Level 2.0 Spellcasting
 + Level 4.8 Necromancy


You had 4 spell levels left.
You knew the following spells:

 Your Spells              Type           Power      Damage    Failure   Level
a - Necrotise             Necr           68%        1d7       99%         1

Your spell library contained the following spells:

 Spells                   Type           Power      Damage    Failure   Level
 Vampiric Draining        Necr           17%        2d7       100%        3
 Animate Dead             Necr           17%        N/A       100%        4
 Agony                    Necr           17%        N/A       100%        5


Dungeon Overview and Level Annotations

Branches:
Dungeon (1/15)

Altars:


Innate Abilities, Weirdness & Mutations

Your demonic aura sometimes causes spilled blood to erupt in flames.


Message History

Nothing appears to happen.
Aiming: Necrotise (safe; 99% risk of failure)
Press: ? - help, Q - select action Shift-Dir - straight line, f/p - kobold
Aim: a kobold, wielding a +2 dagger of venom (chance to affect: 87%)
You miscast Necrotise.
Nothing appears to happen.
Aiming: Necrotise (safe; 99% risk of failure)
Press: ? - help, Q - select action Shift-Dir - straight line, f/p - kobold
Aim: a kobold, wielding a +2 dagger of venom (chance to affect: 87%)
You miscast Necrotise.
Nothing appears to happen.
Aiming: Necrotise (safe; 99% risk of failure)
Press: ? - help, Q - select action Shift-Dir - straight line, f/p - kobold
Aim: a kobold, wielding a +2 dagger of venom (chance to affect: 87%)
You miscast Necrotise.
Nothing appears to happen.
Aiming: Necrotise (safe; 99% risk of failure)
Press: ? - help, Q - select action Shift-Dir - straight line, f/p - kobold
Aim: a kobold, wielding a +2 dagger of venom (chance to affect: 87%)
You miscast Necrotise.
Nothing appears to happen.
The kobold hits you with a +2 dagger of venom.
The kobold attacks as you move away! The kobold barely misses you.
The kobold hits you but does no damage. The kobold attacks as you move away!
The kobold hits you but does no damage.
You are poisoned.
You feel sick. The kobold attacks as you move away!
The kobold barely misses you.
You feel sick. The kobold attacks as you move away!
The kobold hits you but does no damage.
You are more poisoned.
You feel sick.
Aiming: Necrotise (safe; 99% risk of failure)
Press: ? - help, Q - select action Shift-Dir - straight line, f/p - kobold
Aim: a kobold, wielding a +2 dagger of venom (chance to affect: 87%)
You miscast Necrotise.
Nothing appears to happen.
You feel sick.
The kobold hits you with a +2 dagger of venom.
You are more poisoned.
The kobold attacks as you move away!
The kobold hits you with a +2 dagger of venom.
* * * LOW HITPOINT WARNING * * *
You are more poisoned.
You die...

#.# #.#♣.♣ #.# #.##.#
#.# #.#♣.♣ #.# #.##.#
#.# #.##.# # #.#
#.##.# # #.#
#.##.####.#. #
#.#####.###...........
#.......@.K...........
#####..##.############
#.....# #.###.# #.#
#.# #.###.#
#..##.###############
##♣.♣#................
#.♣.♣#.###############


You could see a kobold.

Vanquished Creatures
  A dart slug (D:1)
  An endoplasm (D:1)
  A giant cockroach (D:1)
  A hobgoblin (D:1)
  2 bats (D:1)
  A frilled lizard (D:1)
7 creatures vanquished.

Notes
Turn   | Place    | Note
-------+----------+-------------------------------------------
     0 | D:1      | jamesblauser the Demonspawn Necromancer began the quest for
                  | the Orb.
     0 | D:1      | Reached XP level 1. HP: 13/13 MP: 3/3
   546 | D:1      | Gained mutation: Your demonic aura sometimes causes spilled
                  | blood to erupt in flames. [demonic ancestry]
   546 | D:1      | Reached XP level 2. HP: 19/19 MP: 3/5
   703 | D:1      | Succumbed to a kobold's poison

Illustrated notes

Levels and vault maps discovered:
D:1:      minmay_arrival_up_and_down, layout_loops_ring, serial_forest,
          infiniplex_forest_zigzag_1, infiniplex_forest_end_2,
          infiniplex_forest_lined_1, infiniplex_forest_end_1,
          infiniplex_forest_straight_2, hellmonk_ecumenical_altar_inner_sanctum,
          chequers_serial_rivers_large_a

Action                   || total
-------------------------++-------
 Cast: Necrotise         ||    10
  Use: Scroll            ||     4
       Potion            ||     3
Armor: Chain mail        ||     3
Dodge: Dodged            ||     3
